 Dungeon Crawl Stone Soup version 0.28.0 (webtiles) character file.

Game seed: 5602778101482342399

10 Host24 the Bolt Thrower (level 2, -2/19 HPs)
             Began as a Kobold Hunter on Feb 5, 2022.
             Slain by a jackal (3 damage)
             ... on level 1 of the Dungeon.
             The game lasted 00:00:39 (155 turns).

Host24 the Bolt Thrower (Kobold Hunter)              Turns: 155, Time: 00:00:39

Health: -2/19      AC:  3    Str:  9    XL:     2   Next: 30%
Magic:  2/2        EV: 14    Int: 12    God:
Gold:   0          SH:  0    Dex: 15    Spells: 1/1 levels left

rFire   . . .      SeeInvis .   a - +1 hand crossbow
rCold   . . .      Faith    .   (no shield)
rNeg    . . .      Spirit   .   c - +0 leather armour
rPois   .          Reflect  .   (no helmet)
rElec   .          Harm     .   (no cloak)
rCorr   .          Rampage  .   (no gloves)
Will    .....                   (no boots)
Stlth   +++.......              (no amulet)
HPRegen 0.06/turn               (no ring)
MPRegen 0.08/turn               (no ring)

@: no status effects
A: small, no large weapons, nightstalker 3
a: no special abilities


You were on level 1 of the Dungeon.
You visited 1 branch of the dungeon, and saw 1 of its levels.

Inventory:

Hand Weapons
 a - a +1 hand crossbow (weapon)
 b - a +0 short sword
Missiles
 d - 9 bolts (quivered ammo)
Armour
 c - a +0 leather armour (worn)


   Skills:
 - Level 3.0 Fighting
 + Level 5.0 Crossbows
 - Level 2.4 Dodging
 - Level 1.3 Stealth


You had one spell level left.
You didn't know any spells.
Your spell library was empty.

Dungeon Overview and Level Annotations

Branches:
Dungeon (1/15)

Altars:


Innate Abilities, Weirdness & Mutations

You are small and have problems with some larger weapons.
You are completely attuned to the shadows.


Message History

The hobgoblin hits you.
* * * LOW HITPOINT WARNING * * *
The hobgoblin hits you but does no damage.
Fire: 14 bolts
Press: ? - help, Q - select action Shift-Dir - straight line, f/p - hobgoblin
Aim: a hobgoblin (moderately wounded, 66% to hit)
You shoot a bolt.
The bolt hits the hobgoblin but does no damage.
The hobgoblin is moderately wounded.
The hobgoblin closely misses you.
Fire: 13 bolts
Press: ? - help, Q - select action Shift-Dir - straight line, f/p - hobgoblin
Aim: a hobgoblin (moderately wounded, 66% to hit)
You shoot a bolt. The bolt hits the hobgoblin!
You kill the hobgoblin!
The jackal closely misses you.
Your Fighting skill increases to level 3!
Fire: 12 bolts
Press: ? - help, Q - select action Shift-Dir - straight line, f - jackal
Aim: a jackal (60% to hit)
You shoot a bolt. The bolt closely misses the jackal.
The bolt closely misses the rat.
The jackal bites you.
* * * LOW HITPOINT WARNING * * *
The jackal bites you.
* * * LOW HITPOINT WARNING * * *
Fire: 11 bolts
Press: ? - help, Q - select action Shift-Dir - straight line, f/p - jackal
Aim: a jackal (60% to hit)
You shoot a bolt.
The bolt hits the jackal but does no damage.
The jackal misses you.
Fire: 10 bolts
Press: ? - help, Q - select action Shift-Dir - straight line, f/p - jackal
Aim: a jackal (60% to hit)
You shoot a bolt. The bolt hits the jackal.
The jackal is severely wounded.
The jackal bites you but does no damage.
The jackal bites you.
You die...

... ..## h$# #.##
#..# ##.## #.r#
##h# ......####
#@###..........
#..##..........
##.##..........
##..#..........
#........#.....
#........#.####
#.....)..#.#
#........#.# ##
#........#.####...


You could see a jackal and a rat.

Vanquished Creatures
  A giant cockroach (D:1)
  A goblin (D:1)
  A hobgoblin (D:1)
  2 jackals (D:1)
  2 bats (D:1)
  2 kobolds (D:1)
9 creatures vanquished.

Notes
Turn   | Place    | Note
-------+----------+-------------------------------------------
     0 | D:1      | Host24 the Kobold Hunter began the quest for the Orb.
     0 | D:1      | Reached XP level 1. HP: 12/12 MP: 1/1
    52 | D:1      | Reached skill level 5 in Crossbows
   146 | D:1      | Reached XP level 2. HP: 9/18 MP: 2/2
   155 | D:1      | Slain by a jackal

Illustrated notes

Levels and vault maps discovered:
D:1:      doesnt_arrival_eight_statues, layout_basic

Skill      XL: |  1  2 |
---------------+-------+-----
Crossbows      | 5 |  5.0
Fighting       | 3 |  3.0
Dodging        | |  2.4
Stealth        | |  1.3

Action                   || total
-------------------------++-------
Melee: Short sword       ||    17
       Punch             ||     1
 Fire: Hand crossbow     ||    11
 Stab: Sleeping          ||     3
Armor: Leather armour    ||     9
Dodge: Dodged            ||    27
